 Dungeon Crawl Stone Soup version 0.19.1-1-g22dce08 (webtiles) character file.

11 UnluckyKarma the Charlatan (level 2, 0/21 HPs)
             Began as a Demonspawn Artificer on Jan 10, 2017.
             Slain by a hobgoblin
             ... wielding a +0 club
              (5 damage)
             ... on level 1 of the Dungeon.
             The game lasted 00:03:19 (599 turns).

UnluckyKarma the Charlatan (Demonspawn Artificer)    Turns: 599, Time: 00:03:20

Health: 0/21       AC:  6    Str: 12    XL:     2   Next: 13%
Magic:  4/4        EV: 12    Int: 12    God:
Gold:   41         SH:  0    Dex: 13    Spells: 0 memorised, 1 level left

rFire  . . .     SeeInvis .     (no weapon)
rCold  . . .     Gourm    .     b - +1 leather armour
rNeg   . . .     Faith    .     (no shield)
rPois  .         Spirit   .     (no helmet)
rElec  .         Reflect  .     (no cloak)
rCorr  .         Harm     .     (no gloves)
MR     .....                    (no boots)
Stlth  +.........               (no amulet)
                                (no ring)
                                (no ring)

@: no status effects
A: iridescent scales 1
a: no special abilities


You were on level 1 of the Dungeon.
You were not hungry.

You visited 1 branch of the dungeon, and saw 1 of its levels.

You collected 41 gold pieces.

Inventory:

Armour
 b - a +1 leather armour (worn)
Wands
 c - a wand of flame (15/48)
 d - a wand of enslavement (15/24)
 e - a wand of random effects (1/48)
Scrolls
 a - a scroll of identify {unknown}
 g - a scroll of enchant weapon
Comestibles
 f - 3 bread rations


   Skills:
 + Level 1.0 Fighting
   Level 0.8 Short Blades
 + Level 1.8 Dodging
 + Level 1.0 Stealth
 + Level 0.1 Unarmed Combat
 + Level 3.5 Evocations


You had one spell level left.
You didn't know any spells.

Dungeon Overview and Level Annotations

Branches:
Dungeon (1/15)

Altars:


Innate Abilities, Weirdness & Mutations

You are partially covered in iridescent scales. (AC +2)


Message History

The giant cockroach barely misses you.
You hit the giant cockroach but do no damage.
The hobgoblin hits you with a club. The giant cockroach closely misses you.
The hobgoblin hits you but does no damage.
You hit the giant cockroach but do no damage.
The giant cockroach bites you but does no damage.
The hobgoblin closely misses you. The giant cockroach barely misses you.
You hit the giant cockroach but do no damage.
The hobgoblin hits you but does no damage.
The giant cockroach bites you.
You barely miss the giant cockroach. The hobgoblin hits you with a club.
The giant cockroach bites you but does no damage.
The hobgoblin hits you with a club.
* * * LOW HITPOINT WARNING * * *
You barely miss the giant cockroach.
The giant cockroach completely misses you.
The hobgoblin barely misses you.
You hit the giant cockroach but do no damage.
The hobgoblin hits you with a club.
You die...

,...................,,,,,,,,,,*
*#.................,,..##.*,,,***
#...P#≈#P.....P#≈#,,.....,,,,,,,
#..P##≈##P$..P##≈##P....,,,,,,,,
#...≈≈≈≈≈..<..≈≈≈≈≈...#,.*,,***,
#..P##≈##P...P##≈##P..#..*,,* *,
#...P#≈#P.....P#≈#P......*,,* *,
##...........).........#..*,,***,
...............s@.........,,,,,,,
.#######.......g..........*,,****
.# #.##.##............,,,****
.###** #.##...............,,,,,,,
.....* #.##..#.(..........,,,***,
.###.###.##..#.....#.....l*,** *,
..........................,,* *,
..........................,,****,
........................,,,,,,,,,


You could see a giant cockroach and a hobgoblin.

Vanquished Creatures
  A dart slug (D:1)
  3 goblins (D:1)
  A kobold (D:1)
  A ball python (D:1)
  A frilled lizard (D:1)
  2 rats (D:1)
9 creatures vanquished.

Vanquished Creatures (others)
  A rat (D:1)
1 creature vanquished.

Grand Total: 10 creatures vanquished

Notes
Turn   | Place    | Note
-------+----------+-------------------------------------------
     0 | D:1      | UnluckyKarma the Demonspawn Artificer began the quest for the Orb.
     0 | D:1      | Reached XP level 1. HP: 15/15 MP: 3/3
   267 | D:1      | Reached skill level 1 in Stealth
   284 | D:1      | Gained mutation: You are partially covered in iridescent scales. (AC +2) [demonic ancestry]
   284 | D:1      | Reached XP level 2. HP: 12/21 MP: 4/4
   599 | D:1      | Slain by a hobgoblin

Skill      XL: |  1 |
---------------+----+-----
Stealth        | 1 |  1.0
Fighting       | |  1.0
Short Blades   | |  0.8
Dodging        | |  1.8
Unarmed Combat | |  0.1
Evocations     | |  3.5

Action                   || total
-------------------------++-------
Melee: Unarmed           ||    49
Evoke: Wand              ||    14
  Use: Scroll            ||     3
 Stab: Paralysed         ||     3
Armor: Leather armour    ||    12
Dodge: Dodged            ||    34
